| TOP OF THE 1ST |
|
Everett AquaSox batting - Pitching for Aberdeen Ironbirds : RHP Olaf Barker
|
|
Pitching: RHP Olaf Barker
|
|
|
Batting: RHB Heihachiro Fujita
|
0-0: Foul Ball, location: 2F 0-1: Swinging Strike 0-2: Reached on error, E6 (Groundball, 6, EV 88.8 MPH)
|
|
Batting: RHB Eddie Luna
|
0-0: Ball 1-0: Ball 2-0: Ball 3-0: Base on Balls
|
|
Batting: RHB Marco Diaz
|
0-0: Ball 1-0: Ball 2-0: Fielders Choice at 2nd, 3-6 (Groundball, 34S, EV 81.2 MPH) Heihachiro Fujita to third
|
|
Batting: LHB Chris Jackson
|
0-0: Called Strike 0-1: DOUBLE (Flyball, 78D, EV 98.1 MPH) Heihachiro Fujita scores Marco Diaz to third Runner from 3rd tries for Home, SAFE, throw by LF to trailing runner, SAFE at third!
|
|
Batting: RHB Matt Fenimore
|
0-0: Ball 1-0: Ball 2-0: Foul Ball, location: 2F 2-1: Foul Ball, location: 2F 2-2: Ball 3-2: Base on Balls
|
|
Batting: LHB William Gonzales
|
0-0: Swinging Strike 0-1: Called Strike 0-2: Ball 1-2: Ball 2-2: Ball 3-2: Strikes out swinging
|
|
Batting: SHB Tony Morales
|
0-0: Ball 1-0: Foul Ball, location: 2F 1-1: Ball 2-1: Foul Ball, location: 2F 2-2: Foul Ball, location: 2F 2-2: Ball 3-2: Ground out 6-3 (Groundball, 6, EV 102.5 MPH)
|
| Top of the 1st over - 2 runs, 1 hit, 1 error, 2 left on base; Everett 2 - Aberdeen 0 |
| BOTTOM OF THE 1ST |
|
Aberdeen Ironbirds batting - Pitching for Everett AquaSox : RHP Kevin Stodart
|
|
Pitching: RHP Kevin Stodart
|
|
|
Batting: LHB Vinny Rivera
|
0-0: Ball 1-0: Called Strike 1-1: Bunted foul 1-2: Ball 2-2: SINGLE (Line Drive, 6D, EV 97.5 MPH)
|
|
Batting: RHB Maup Gommers
|
0-0: Ball Vinny Rivera is caught stealing 2nd base 2-4 1-0: Foul Ball, location: 2F 1-1: Ball 2-1: Ball 3-1: Foul Ball, location: 2F 3-2: Base on Balls
|
|
Batting: LHB Pat Fontana
|
0-0: Ball 1-0: Ball 2-0: Ball 3-0: Called Strike 3-1: Base on Balls Maup Gommers to second
|
|
Batting: RHB Jonathan Mendoza
|
0-0: Ball 1-0: Ball 2-0: Ball 3-0: Called Strike 3-1: Base on Balls Maup Gommers to third Pat Fontana to second
|
|
Batting: LHB Sam Williams
|
0-0: Ball 1-0: Ball 2-0: Swinging Strike 2-1: Called Strike 2-2: Strikes out swinging
|
|
Batting: SHB Carlos Carrillo
|
0-0: Ball 1-0: Called Strike 1-1: Ball 2-1: Ball 3-1: Base on Balls Maup Gommers scores Pat Fontana to third Jonathan Mendoza to second
|
|
Batting: RHB Kevin Popowicz
|
0-0: Fielders Choice at 2nd, 6-4 (Groundball, 6, EV 84.4 MPH)
|
| Bottom of the 1st over - 1 run, 1 hit, 0 errors, 3 left on base; Everett 2 - Aberdeen 1 |
| TOP OF THE 2ND |
|
Everett AquaSox batting - Pitching for Aberdeen Ironbirds : RHP Olaf Barker
|
|
Batting: RHB Jwahir Pili
|
0-0: Ball 1-0: Ball 2-0: Fly out, F8 (Flyball, 89M, EV 83.1 MPH)
|
|
Batting: RHB James Bickel
|
0-0: Called Strike 0-1: Swinging Strike 0-2: Strikes out swinging
|
|
Batting: RHB Heihachiro Fujita
|
0-0: Ball 1-0: Ball 2-0: SINGLE (Groundball, 56S, EV 68.8 MPH) (infield hit)
|
|
Batting: RHB Eddie Luna
|
0-0: Ball 1-0: Called Strike 1-1: Foul Ball, location: 2F 1-2: Fly out, F8 (Line Drive, 8LM, EV 92.5 MPH)
|
| Top of the 2nd over - 0 runs, 1 hit, 0 errors, 1 left on base; Everett 2 - Aberdeen 1 |
| BOTTOM OF THE 2ND |
|
Aberdeen Ironbirds batting - Pitching for Everett AquaSox : RHP Kevin Stodart
|
|
Batting: RHB Chris McGuirk
|
0-0: Swinging Strike 0-1: Called Strike 0-2: Fly out, F8 (Flyball, 8RD, EV 90.0 MPH)
|
|
Batting: RHB Fernando Bravo
|
0-0: SINGLE (Groundball, 56D, EV 101.9 MPH)
|
|
Batting: LHB Vinny Rivera
|
0-0: Ball Pickoff Play to 1st, Runner tries for 2nd, OUT after rundown. 1-0: Called Strike 1-1: Ball 2-1: Ball 3-1: Base on Balls
|
|
Batting: RHB Maup Gommers
|
0-0: Foul Ball, location: 2F 0-1: Ball Vinny Rivera steals 2nd base 1-1: Foul Ball, location: 2F 1-2: Ball 2-2: Ball 3-2: Foul Ball, location: 2F 3-2: Foul Ball, location: 2F 3-2: 2-RUN HOME RUN (Flyball, 78XD, EV 105.0 MPH), Distance : 424 ft
|
|
Batting: LHB Pat Fontana
|
0-0: Called Strike 0-1: Ball 1-1: Foul Ball, location: 2F 1-2: Foul Ball, location: 2F 1-2: Fly out, F9 (Line Drive, 9, EV 91.9 MPH)
|
| Bottom of the 2nd over - 2 runs, 2 hits, 0 errors, 0 left on base; Everett 2 - Aberdeen 3 |
| TOP OF THE 3RD |
|
Everett AquaSox batting - Pitching for Aberdeen Ironbirds : RHP Olaf Barker
|
|
Batting: RHB Marco Diaz
|
0-0: Called Strike 0-1: Ball 1-1: Foul Ball, location: 2F 1-2: Ball 2-2: DOUBLE (Flyball, 89XD, EV 103.8 MPH) - OUT at third base trying to stretch hit.
|
|
Batting: LHB Chris Jackson
|
0-0: Called Strike 0-1: Ball 1-1: Ball 2-1: Foul Ball, location: 2F 2-2: Foul Ball, location: 2F 2-2: Ball 3-2: Strikes out swinging
|
|
Batting: RHB Matt Fenimore
|
0-0: Foul Ball, location: 2F 0-1: Ball 1-1: Fly out, F8 (Flyball, 8RM, EV 83.8 MPH)
|
| Top of the 3rd over - 0 runs, 1 hit, 0 errors, 0 left on base; Everett 2 - Aberdeen 3 |
| BOTTOM OF THE 3RD |
|
Aberdeen Ironbirds batting - Pitching for Everett AquaSox : RHP Kevin Stodart
|
|
Batting: RHB Jonathan Mendoza
|
0-0: Ball 1-0: Ball 2-0: Ball 3-0: Base on Balls
|
|
Batting: LHB Sam Williams
|
0-0: Foul Ball, location: 2F 0-1: Foul Ball, location: 2F 0-2: Foul Ball, location: 2F 0-2: Foul Ball, location: 2F 0-2: Ball 1-2: Ball 2-2: Foul Ball, location: 2F 2-2: Ball 3-2: Base on Balls Jonathan Mendoza to second
|
|
Batting: SHB Carlos Carrillo
|
0-0: Ball 1-0: Called Strike 1-1: Ball 2-1: Called Strike 2-2: Ball 3-2: Grounds into double play, 6-4-3 (Groundball, 6, EV 83.8 MPH) Jonathan Mendoza to third
|
|
Batting: RHB Kevin Popowicz
|
0-0: Ball 1-0: Ball 2-0: Ground out 5-3 (Groundball, 5S, EV 70.6 MPH)
|
| Bottom of the 3rd over - 0 runs, 0 hits, 0 errors, 1 left on base; Everett 2 - Aberdeen 3 |
| TOP OF THE 4TH |
|
Everett AquaSox batting - Pitching for Aberdeen Ironbirds : RHP Olaf Barker
|
|
Batting: LHB William Gonzales
|
0-0: Called Strike 0-1: Ball 1-1: Ball 2-1: Ground out 5-3 (Groundball, 56, EV 79.4 MPH)
|
|
Batting: SHB Tony Morales
|
0-0: Called Strike 0-1: Ground out 6-3 (Groundball, 6, EV 81.9 MPH)
|
|
Batting: RHB Jwahir Pili
|
0-0: Swinging Strike 0-1: Foul Ball, location: 2F 0-2: Strikes out swinging
|
| Top of the 4th over - 0 runs, 0 hits, 0 errors, 0 left on base; Everett 2 - Aberdeen 3 |
| BOTTOM OF THE 4TH |
|
Aberdeen Ironbirds batting - Pitching for Everett AquaSox : RHP Kevin Stodart
|
|
Pitching: RHP Jim Tremel
|
|
|
Batting: RHB Chris McGuirk
|
0-0: Called Strike 0-1: Ball 1-1: SINGLE (Groundball, 56D, EV 110.0 MPH)
|
|
Batting: RHB Fernando Bravo
|
0-0: Hit by Pitch Chris McGuirk to second
|
|
Batting: LHB Vinny Rivera
|
0-0: Foul Ball, location: 2F 0-1: Foul Ball, location: 2F 0-2: Ball 1-2: Ball 2-2: SINGLE (Flyball, 56D, EV 93.8 MPH) Chris McGuirk to third Fernando Bravo to second Runner from 3rd tries for Home, SAFE, throw by LF to home
|
|
Batting: RHB Maup Gommers
|
0-0: Ball 1-0: DOUBLE (Flyball, 89D, EV 104.4 MPH) Fernando Bravo scores Vinny Rivera to third
|
|
Batting: LHB Pat Fontana
|
0-0: Called Strike 0-1: Called Strike 0-2: Ball 1-2: Foul Ball, location: 2F 1-2: Strikes out swinging
|
|
Batting: RHB Jonathan Mendoza
|
0-0: Ball 1-0: Called Strike 1-1: Fly out, F7 (Line Drive, 7LS, EV 95.0 MPH)
|
|
Batting: LHB Sam Williams
|
0-0: Called Strike 0-1: Foul Ball, location: 2F 0-2: Foul Ball, location: 2F 0-2: Strikes out looking
|
| Bottom of the 4th over - 2 runs, 3 hits, 0 errors, 2 left on base; Everett 2 - Aberdeen 5 |
| TOP OF THE 5TH |
|
Everett AquaSox batting - Pitching for Aberdeen Ironbirds : RHP Olaf Barker
|
|
Batting: RHB James Bickel
|
0-0: Called Strike 0-1: Ball 1-1: Swinging Strike 1-2: Foul Ball, location: 2F 1-2: Strikes out swinging
|
|
Batting: RHB Heihachiro Fujita
|
0-0: Ground out 3-1 (Groundball, 34S, EV 85.0 MPH)
|
|
Batting: RHB Eddie Luna
|
0-0: Ball 1-0: Called Strike 1-1: Swinging Strike 1-2: Ground out 4-3 (Groundball, 4, EV 87.5 MPH)
|
| Top of the 5th over - 0 runs, 0 hits, 0 errors, 0 left on base; Everett 2 - Aberdeen 5 |
| BOTTOM OF THE 5TH |
|
Aberdeen Ironbirds batting - Pitching for Everett AquaSox : RHP Jim Tremel
|
|
Batting: SHB Carlos Carrillo
|
0-0: Swinging Strike 0-1: Swinging Strike 0-2: Ball 1-2: Ground out 5-3 (Groundball, 5, EV 78.8 MPH)
|
|
Batting: RHB Kevin Popowicz
|
0-0: Ball 1-0: Foul Ball, location: 2F 1-1: Swinging Strike 1-2: Ball 2-2: Foul Ball, location: 2F 2-2: Reached on error, E6 (Groundball, 6, EV 105.0 MPH)
|
|
Batting: RHB Chris McGuirk
|
0-0: Ball 1-0: Foul Ball, location: 2F 1-1: Foul Ball, location: 2F 1-2: Strikes out looking
|
|
Batting: RHB Fernando Bravo
|
0-0: Ground out 5-3 (Groundball, 56S, EV 63.1 MPH)
|
| Bottom of the 5th over - 0 runs, 0 hits, 1 error, 1 left on base; Everett 2 - Aberdeen 5 |
| TOP OF THE 6TH |
|
Everett AquaSox batting - Pitching for Aberdeen Ironbirds : RHP Olaf Barker
|
|
Batting: RHB Marco Diaz
|
0-0: Called Strike 0-1: Foul Ball, location: 2F 0-2: Ball 1-2: Ball 2-2: Strikes out swinging
|
|
Batting: LHB Chris Jackson
|
0-0: Foul Ball, location: 2F 0-1: Foul Ball, location: 2F 0-2: Ball 1-2: Foul Ball, location: 2F 1-2: SOLO HOME RUN (Flyball, 9D, EV 98.1 MPH), Distance : 392 ft
|
|
Batting: RHB Matt Fenimore
|
0-0: Ball 1-0: Ball 2-0: Swinging Strike 2-1: Called Strike 2-2: Ball 3-2: Base on Balls
|
|
Batting: LHB William Gonzales
|
0-0: Ball 1-0: DOUBLE (Line Drive, 8RXD, EV 104.4 MPH) Matt Fenimore to third Runner from 3rd tries for Home, SAFE, throw by CF to home
|
|
Batting: SHB Tony Morales
|
0-0: Ball 1-0: Foul Ball, location: 2F 1-1: Ball 2-1: Fly out, F8 (Flyball, 8RD, EV 99.4 MPH)
|
|
Pitching: RHP Jose Santos
|
|
|
Batting: RHB Jwahir Pili
|
0-0: Fly out, F2 (Popup, 23F, EV 81.2 MPH)
|
| Top of the 6th over - 2 runs, 2 hits, 0 errors, 1 left on base; Everett 4 - Aberdeen 5 |
| BOTTOM OF THE 6TH |
|
Aberdeen Ironbirds batting - Pitching for Everett AquaSox : RHP Jim Tremel
|
|
Batting: LHB Vinny Rivera
|
0-0: Called Strike 0-1: Foul Ball, location: 2F 0-2: Ball 1-2: Strikes out swinging
|
|
Batting: RHB Maup Gommers
|
0-0: Ball 1-0: Ball 2-0: Ball 3-0: Called Strike 3-1: Foul Ball, location: 2F 3-2: Base on Balls
|
|
Pitching: RHP Dan Johnson
|
|
|
Batting: LHB Pat Fontana
|
0-0: Ball 1-0: Ball 2-0: Foul Ball, location: 2F 2-1: Called Strike 2-2: Ball 3-2: DOUBLE (Line Drive, 9LS, EV 96.9 MPH) Maup Gommers to third
|
|
Batting: RHB Jonathan Mendoza
|
0-0: Ball 1-0: Ball 2-0: Ball 3-0: Base on Balls
|
|
Batting: LHB Sam Williams
|
0-0: Foul Ball, location: 2F 0-1: Foul Ball, location: 2F 0-2: Strikes out looking
|
|
Batting: SHB Carlos Carrillo
|
0-0: Foul Ball, location: 2F 0-1: Ball 1-1: SINGLE (Flyball, 56D, EV 83.8 MPH) Maup Gommers scores Pat Fontana to third Jonathan Mendoza to second Runner from 3rd tries for Home, SAFE, throw by LF to home
|
|
Batting: RHB Kevin Popowicz
|
0-0: Called Strike 0-1: Foul Ball, location: 2F 0-2: Foul Ball, location: 2F 0-2: TRIPLE (Flyball, 78XD, EV 100.0 MPH) Jonathan Mendoza scores Carlos Carrillo scores
|
|
Pitching: RHP Aaron Black
|
|
|
Batting: RHB Chris McGuirk
|
0-0: Called Strike 0-1: Ball 1-1: Ball 2-1: Ball 3-1: Base on Balls
|
|
Batting: RHB Fernando Bravo
|
0-0: Called Strike 0-1: Ball 1-1: Swinging Strike 1-2: Strikes out swinging
|
| Bottom of the 6th over - 4 runs, 3 hits, 0 errors, 2 left on base; Everett 4 - Aberdeen 9 |
| TOP OF THE 7TH |
|
Everett AquaSox batting - Pitching for Aberdeen Ironbirds : RHP Jose Santos
|
|
Batting: RHB James Bickel
|
0-0: Called Strike 0-1: Ball 1-1: Ball 2-1: Foul Ball, location: 2F 2-2: Strikes out swinging
|
|
Batting: RHB Heihachiro Fujita
|
0-0: Ball 1-0: Foul Ball, location: 2F 1-1: Foul Ball, location: 2F 1-2: Foul Ball, location: 2F 1-2: Ball 2-2: Foul Ball, location: 2F 2-2: Strikes out swinging
|
|
Batting: RHB Eddie Luna
|
0-0: Ball 1-0: Foul Ball, location: 2F 1-1: Ball 2-1: Foul Ball, location: 2F 2-2: Ground out 3-1 (Groundball, 34, EV 100.6 MPH)
|
| Top of the 7th over - 0 runs, 0 hits, 0 errors, 0 left on base; Everett 4 - Aberdeen 9 |
| BOTTOM OF THE 7TH |
|
Aberdeen Ironbirds batting - Pitching for Everett AquaSox : RHP Aaron Black
|
|
Batting: LHB Vinny Rivera
|
0-0: Ball 1-0: Ball 2-0: Called Strike 2-1: Ball 3-1: Foul Ball, location: 2F 3-2: Foul Ball, location: 2F 3-2: Base on Balls
|
|
Batting: RHB Maup Gommers
|
0-0: Called Strike Vinny Rivera steals 2nd base 0-1: Called Strike 0-2: Ball 1-2: Ground out 4-3 (Groundball, 34, EV 92.5 MPH) Vinny Rivera to third
|
|
Batting: LHB Pat Fontana
|
0-0: Ball 1-0: Ball 2-0: Called Strike 2-1: Ball 3-1: Foul Ball, location: 2F 3-2: Ground out U3 (Groundball, 3S, EV 85.0 MPH)
|
|
Batting: RHB Jonathan Mendoza
|
0-0: Ball 1-0: Ball 2-0: Swinging Strike 2-1: Fly out, F4 (Popup, 4, EV 80.0 MPH)
|
| Bottom of the 7th over - 0 runs, 0 hits, 0 errors, 1 left on base; Everett 4 - Aberdeen 9 |
| TOP OF THE 8TH |
|
Everett AquaSox batting - Pitching for Aberdeen Ironbirds : RHP Jose Santos
|
|
Batting: RHB Marco Diaz
|
0-0: Ball 1-0: Called Strike 1-1: Foul Ball, location: 2F 1-2: Strikes out swinging
|
|
Batting: LHB Chris Jackson
|
0-0: Ball 1-0: Ball 2-0: Called Strike 2-1: Foul Ball, location: 2F 2-2: Strikes out swinging
|
|
Batting: RHB Matt Fenimore
|
0-0: Ground out 6-3 (Groundball, 6, EV 90.6 MPH)
|
| Top of the 8th over - 0 runs, 0 hits, 0 errors, 0 left on base; Everett 4 - Aberdeen 9 |
| BOTTOM OF THE 8TH |
|
Aberdeen Ironbirds batting - Pitching for Everett AquaSox : RHP Aaron Black
|
|
Batting: LHB Sam Williams
|
0-0: Ball 1-0: Called Strike 1-1: Called Strike 1-2: Foul Ball, location: 2F 1-2: Strikes out swinging
|
|
Batting: SHB Carlos Carrillo
|
0-0: Called Strike 0-1: Swinging Strike 0-2: Ball 1-2: Ground out 4-3 (Groundball, 4, EV 104.4 MPH)
|
|
Pitching: LHP Chris Wheeler
|
|
|
Batting: RHB Kevin Popowicz
|
0-0: Foul Ball, location: 2F 0-1: Ball 1-1: Foul Ball, location: 2F 1-2: Ball 2-2: Foul Ball, location: 2F 2-2: Fly out, F8 (Flyball, 8LM, EV 85.6 MPH)
|
| Bottom of the 8th over - 0 runs, 0 hits, 0 errors, 0 left on base; Everett 4 - Aberdeen 9 |
| TOP OF THE 9TH |
|
Everett AquaSox batting - Pitching for Aberdeen Ironbirds : RHP Jose Santos
|
|
Batting: LHB William Gonzales
|
0-0: Foul Ball, location: 2F 0-1: Ball 1-1: Ball 2-1: Ball 3-1: Foul Ball, location: 2F 3-2: Strikes out swinging
|
|
Batting: SHB Tony Morales
|
0-0: Called Strike 0-1: Ball 1-1: Ball 2-1: Called Strike 2-2: Ball 3-2: Strikes out swinging
|
|
Batting: RHB Jwahir Pili
|
0-0: Ball 1-0: Swinging Strike 1-1: Swinging Strike 1-2: Fly out, F4 (Flyball, 4MD, EV 91.9 MPH)
|
| Top of the 9th over - 0 runs, 0 hits, 0 errors, 0 left on base; Everett 4 - Aberdeen 9 |
|